TOP OF THE 1ST |
Harrisburg Senators batting - Pitching for Mobile BayBears : LHP Jesus Gallegos
|
Pitching: LHP Jesus Gallegos
|
|
Batting: RHB Ryan Hiemer
|
0-0: Called Strike 0-1: Swinging Strike 0-2: Ball 1-2: Foul Ball, location: 2F 1-2: Strikes out swinging
|
Batting: RHB Antonio Laurel
|
0-0: Ball 1-0: Ball 2-0: DOUBLE (Line Drive, 78XD, EV 104.4 MPH)
|
Batting: RHB Nate Dickinson
|
0-0: Foul Ball, location: 2F 0-1: Ball 1-1: Ball 2-1: DOUBLE (Flyball, 8RXD, EV 115.0 MPH) Antonio Laurel scores
|
Batting: RHB Steve Perez
|
0-0: Called Strike 0-1: Ground out 6-3 (Groundball, 6, EV 86.2 MPH) Nate Dickinson to third
|
Batting: RHB Jon Buscher
|
0-0: Swinging Strike 0-1: Ball 1-1: Reached on error, E4 (Groundball, 34D, EV 83.8 MPH) Nate Dickinson scores
|
Batting: RHB John McNeill
|
0-0: Ball 1-0: Foul Ball, location: 2F 1-1: Ball 2-1: Ball 3-1: Fielders Choice at 2nd, 6-4 (Groundball, 6, EV 80.6 MPH)
|
Top of the 1st over - 2 runs, 2 hits, 1 error, 1 left on base; Harrisburg 2 - Mobile 0 |
BOTTOM OF THE 1ST |
Mobile BayBears batting - Pitching for Harrisburg Senators : RHP Jason Beck
|
Pitching: RHP Jason Beck
|
|
Batting: RHB Carlos Ballesteros
|
0-0: Ball 1-0: Ground out 4-3 (Groundball, 4, EV 91.9 MPH)
|
Batting: LHB Koson Hirai
|
0-0: Ball 1-0: Foul Ball, location: 2F 1-1: Foul Ball, location: 2F 1-2: Strikes out swinging
|
Batting: LHB Soo-yeon Kym
|
0-0: Ball 1-0: Foul Ball, location: 2F 1-1: Ball 2-1: SINGLE (Line Drive, 6D, EV 96.2 MPH)
|
Batting: RHB Blake Beale
|
0-0: Called Strike 0-1: Called Strike 0-2: Ball 1-2: Strikes out swinging
|
Bottom of the 1st over - 0 runs, 1 hit, 0 errors, 1 left on base; Harrisburg 2 - Mobile 0 |
TOP OF THE 2ND |
Harrisburg Senators batting - Pitching for Mobile BayBears : LHP Jesus Gallegos
|
Batting: LHB Pat Aviles
|
0-0: Ball 1-0: Ball 2-0: Swinging Strike 2-1: Foul Ball, location: 2F 2-2: Strikes out swinging
|
Batting: RHB Victor Cintron
|
0-0: Ball 1-0: Swinging Strike 1-1: Swinging Strike 1-2: Strikes out swinging
|
Batting: LHB John Holst
|
0-0: Called Strike 0-1: Ball 1-1: Foul Ball, location: 2F 1-2: Ball 2-2: Strikes out swinging
|
Top of the 2nd over - 0 runs, 0 hits, 0 errors, 0 left on base; Harrisburg 2 - Mobile 0 |
BOTTOM OF THE 2ND |
Mobile BayBears batting - Pitching for Harrisburg Senators : RHP Jason Beck
|
Batting: RHB Chris Bittner
|
0-0: Foul Ball, location: 2F 0-1: Ball 1-1: Foul Ball, location: 2F 1-2: Strikes out swinging
|
Batting: RHB Josh Burrows
|
0-0: Ball 1-0: Ball 2-0: Called Strike 2-1: Ball 3-1: SOLO HOME RUN (Flyball, 78XD, EV 108.8 MPH), Distance : 437 ft
|
Batting: RHB Jeremy Adams
|
0-0: Ball 1-0: Foul Ball, location: 2F 1-1: Ball 2-1: Ball 3-1: Foul Ball, location: 2F 3-2: Ground out 5-3 (Groundball, 56, EV 83.8 MPH)
|
Batting: RHB Franklin Villanueva
|
0-0: SINGLE (Groundball, 6M, EV 97.5 MPH)
|
Batting: RHB Curt Barrett
|
0-0: Ball 1-0: Called Strike 1-1: Called Strike 1-2: Ball 2-2: Ball 3-2: Strikes out looking
|
Bottom of the 2nd over - 1 run, 2 hits, 0 errors, 1 left on base; Harrisburg 2 - Mobile 1 |
TOP OF THE 3RD |
Harrisburg Senators batting - Pitching for Mobile BayBears : LHP Jesus Gallegos
|
Batting: RHB Ryan Hiemer
|
0-0: Ball 1-0: Fly out, F9 (Flyball, 9LM, EV 90.6 MPH)
|
Batting: RHB Antonio Laurel
|
0-0: Ball 1-0: DOUBLE (Line Drive, 8RXD, EV 110.0 MPH)
|
Batting: RHB Nate Dickinson
|
0-0: Ball 1-0: Foul Ball, location: 2F 1-1: Ball 2-1: Foul Ball, location: 2F 2-2: Ball 3-2: Ground out 6-3 (Groundball, 6, EV 89.4 MPH)
|
Batting: RHB Steve Perez
|
0-0: Foul Ball, location: 2F 0-1: Called Strike 0-2: SINGLE (Line Drive, 56, EV 106.2 MPH) Antonio Laurel to third
|
Batting: RHB Jon Buscher
|
0-0: Foul Ball, location: 2F 0-1: Foul Ball, location: 2F 0-2: Ball 1-2: Ball 2-2: Ball 3-2: Base on Balls Steve Perez to second
|
Batting: RHB John McNeill
|
0-0: SINGLE (Flyball, 6D, EV 86.9 MPH) Antonio Laurel scores Steve Perez to third Jon Buscher to second Runner from 3rd tries for Home, SAFE, throw by CF to home
|
Batting: LHB Pat Aviles
|
0-0: Ball 1-0: Called Strike 1-1: Swinging Strike 1-2: Ball 2-2: Foul Ball, location: 2F 2-2: Ground out 4-3 (Groundball, 34S, EV 83.1 MPH)
|
Top of the 3rd over - 2 runs, 3 hits, 0 errors, 2 left on base; Harrisburg 4 - Mobile 1 |
BOTTOM OF THE 3RD |
Mobile BayBears batting - Pitching for Harrisburg Senators : RHP Jason Beck
|
Batting: RHB Carlos Ballesteros
|
0-0: Ball 1-0: Swinging Strike 1-1: Ground out 6-3 (Groundball, 6, EV 105.6 MPH)
|
Batting: LHB Koson Hirai
|
0-0: Fly out, F9 (Flyball, 9LMF, EV 78.1 MPH)
|
Batting: LHB Soo-yeon Kym
|
0-0: Ground out 4-3 (Groundball, 4, EV 104.4 MPH)
|
Bottom of the 3rd over - 0 runs, 0 hits, 0 errors, 0 left on base; Harrisburg 4 - Mobile 1 |
TOP OF THE 4TH |
Harrisburg Senators batting - Pitching for Mobile BayBears : LHP Jesus Gallegos
|
Batting: RHB Victor Cintron
|
0-0: Called Strike 0-1: Swinging Strike 0-2: Ball 1-2: Ball 2-2: Foul Ball, location: 2F 2-2: Foul Ball, location: 2F 2-2: Ball 3-2: Ground out 4-3 (Groundball, 4MD, EV 103.8 MPH)
|
Batting: LHB John Holst
|
0-0: Ground out 6-3 (Groundball, 4M, EV 83.8 MPH)
|
Batting: RHB Ryan Hiemer
|
0-0: Hit by Pitch
|
Batting: RHB Antonio Laurel
|
0-0: Called Strike 0-1: Foul Ball, location: 2F 0-2: Fly out, F6 (Flyball, 4MD, EV 87.5 MPH)
|
Top of the 4th over - 0 runs, 0 hits, 0 errors, 1 left on base; Harrisburg 4 - Mobile 1 |
BOTTOM OF THE 4TH |
Mobile BayBears batting - Pitching for Harrisburg Senators : RHP Jason Beck
|
Batting: RHB Blake Beale
|
0-0: Ball 1-0: Ball 2-0: Foul Ball, location: 2F 2-1: Foul Ball, location: 2F 2-2: Foul Ball, location: 2F 2-2: Ball 3-2: Strikes out looking
|
Batting: RHB Chris Bittner
|
0-0: Ball 1-0: Ball 2-0: Ball 3-0: Base on Balls
|
Batting: RHB Josh Burrows
|
0-0: Foul Ball, location: 2F 0-1: Swinging Strike 0-2: Ball 1-2: Foul Ball, location: 2F 1-2: Foul Ball, location: 2F 1-2: Ball 2-2: Ball 3-2: Strikes out swinging
|
Batting: RHB Jeremy Adams
|
0-0: Ground out 4-3 (Groundball, 4, EV 86.9 MPH)
|
Bottom of the 4th over - 0 runs, 0 hits, 0 errors, 1 left on base; Harrisburg 4 - Mobile 1 |
TOP OF THE 5TH |
Harrisburg Senators batting - Pitching for Mobile BayBears : LHP Jesus Gallegos
|
Batting: RHB Nate Dickinson
|
0-0: DOUBLE (Flyball, 8LXD, EV 98.1 MPH)
|
Batting: RHB Steve Perez
|
0-0: Fly out, F7 (Flyball, 78M, EV 87.5 MPH)
|
Batting: RHB Jon Buscher
|
0-0: Ground out 6-3 (Groundball, 6, EV 84.4 MPH) Nate Dickinson to third
|
Batting: RHB John McNeill
|
0-0: Ball 1-0: Foul Ball, location: 2F 1-1: Fly out, F7 (Flyball, 7, EV 91.2 MPH)
|
Top of the 5th over - 0 runs, 1 hit, 0 errors, 1 left on base; Harrisburg 4 - Mobile 1 |
BOTTOM OF THE 5TH |
Mobile BayBears batting - Pitching for Harrisburg Senators : RHP Jason Beck
|
Batting: RHB Franklin Villanueva
|
0-0: Ball 1-0: Fly out, F9 (Flyball, 9D, EV 105.0 MPH)
|
Batting: RHB Curt Barrett
|
0-0: SINGLE (Groundball, 56D, EV 105.0 MPH)
|
Batting: RHB Carlos Ballesteros
|
0-0: Called Strike 0-1: Swinging Strike 0-2: Strikes out swinging
|
Batting: LHB Koson Hirai
|
0-0: SINGLE (Flyball, 89M, EV 84.4 MPH) Curt Barrett to second
|
Batting: LHB Soo-yeon Kym
|
0-0: Called Strike 0-1: Ball 1-1: Ball 2-1: Ball 3-1: Called Strike 3-2: Base on Balls Curt Barrett to third Koson Hirai to second
|
Batting: RHB Blake Beale
|
0-0: Swinging Strike 0-1: Foul Ball, location: 2F 0-2: Strikes out looking
|
Bottom of the 5th over - 0 runs, 2 hits, 0 errors, 3 left on base; Harrisburg 4 - Mobile 1 |
TOP OF THE 6TH |
Harrisburg Senators batting - Pitching for Mobile BayBears : LHP Jesus Gallegos
|
Batting: LHB Pat Aviles
|
0-0: Ball 1-0: Fly out, F9 (Flyball, 9D, EV 104.4 MPH)
|
Batting: RHB Victor Cintron
|
0-0: Foul Ball, location: 2F 0-1: Fly out, F9 (Flyball, 89S, EV 90.0 MPH)
|
Batting: LHB John Holst
|
0-0: Called Strike 0-1: Called Strike 0-2: Strikes out swinging
|
Top of the 6th over - 0 runs, 0 hits, 0 errors, 0 left on base; Harrisburg 4 - Mobile 1 |
BOTTOM OF THE 6TH |
Mobile BayBears batting - Pitching for Harrisburg Senators : RHP Jason Beck
|
Batting: RHB Chris Bittner
|
0-0: Foul Ball, location: 2F 0-1: Foul Ball, location: 2F 0-2: Strikes out swinging
|
Batting: RHB Josh Burrows
|
0-0: Ball 1-0: Called Strike 1-1: SINGLE (Line Drive, 78S, EV 99.4 MPH)
|
Batting: RHB Jeremy Adams
|
0-0: Ball 1-0: Called Strike 1-1: Foul Ball, location: 2F 1-2: Ball 2-2: Ball 3-2: Fielders Choice at 2nd, 1-4 (Groundball, 15S, EV 65.0 MPH)
|
Batting: RHB Franklin Villanueva
|
0-0: Ball 1-0: Ball 2-0: Foul Ball, location: 2F 2-1: Called Strike 2-2: Ball 3-2: Ground out 5-3 (Groundball, 56, EV 83.1 MPH)
|
Bottom of the 6th over - 0 runs, 1 hit, 0 errors, 1 left on base; Harrisburg 4 - Mobile 1 |
TOP OF THE 7TH |
Harrisburg Senators batting - Pitching for Mobile BayBears : LHP Jesus Gallegos
|
Batting: RHB Ryan Hiemer
|
0-0: Ball 1-0: Swinging Strike 1-1: Ball 2-1: Foul Ball, location: 2F 2-2: Ball 3-2: Strikes out swinging
|
Pitching: RHP Jason Hammons
|
|
Batting: RHB Antonio Laurel
|
0-0: Ball 1-0: Ball 2-0: Called Strike 2-1: Ball 3-1: Swinging Strike 3-2: Foul Ball, location: 2F 3-2: Strikes out swinging, 2-3 out at first.
|
Batting: RHB Nate Dickinson
|
0-0: Ground out 4-3 (Groundball, 4, EV 103.1 MPH)
|
Top of the 7th over - 0 runs, 0 hits, 0 errors, 0 left on base; Harrisburg 4 - Mobile 1 |
BOTTOM OF THE 7TH |
Mobile BayBears batting - Pitching for Harrisburg Senators : RHP Jason Beck
|
Pitching: RHP Todd Carbaugh
|
|
Batting: RHB Curt Barrett
|
0-0: Ball 1-0: Foul Ball, location: 2F 1-1: Called Strike 1-2: Ball 2-2: Strikes out swinging
|
Batting: RHB Carlos Ballesteros
|
0-0: Ball 1-0: Foul Ball, location: 2F 1-1: Fly out, F8 (Flyball, 78M, EV 85.0 MPH)
|
Batting: LHB Koson Hirai
|
0-0: SINGLE (Line Drive, 6M, EV 105.6 MPH)
|
Batting: LHB Soo-yeon Kym
|
0-0: Ball 1-0: Called Strike 1-1: Called Strike 1-2: Ball 2-2: Strikes out swinging
|
Bottom of the 7th over - 0 runs, 1 hit, 0 errors, 1 left on base; Harrisburg 4 - Mobile 1 |
TOP OF THE 8TH |
Harrisburg Senators batting - Pitching for Mobile BayBears : RHP Jason Hammons
|
Batting: RHB Steve Perez
|
0-0: Called Strike 0-1: Ball 1-1: Ball 2-1: SOLO HOME RUN (Flyball, 7D, EV 96.9 MPH), Distance : 369 ft
|
Batting: RHB Jon Buscher
|
0-0: Ball 1-0: Ball 2-0: Swinging Strike 2-1: Foul Ball, location: 2F 2-2: Ground out 5-3 (Groundball, 56S, EV 63.8 MPH)
|
Batting: RHB John McNeill
|
0-0: Ball 1-0: DOUBLE (Line Drive, 9LS, EV 105.6 MPH)
|
Batting: LHB Pat Aviles
|
0-0: Ball 1-0: Ball 2-0: Called Strike 2-1: Ball 3-1: Called Strike 3-2: Foul Ball, location: 2F 3-2: Fly out, F8 (Flyball, 89D, EV 93.8 MPH) Runner from 2nd tags up, SAFE at 3rd, no throw by CF
|
Batting: RHB Victor Cintron
|
0-0: Called Strike 0-1: Swinging Strike 0-2: Ground out U3 (Groundball, 34S, EV 68.8 MPH)
|
Top of the 8th over - 1 run, 2 hits, 0 errors, 1 left on base; Harrisburg 5 - Mobile 1 |
BOTTOM OF THE 8TH |
Mobile BayBears batting - Pitching for Harrisburg Senators : RHP Todd Carbaugh
|
Batting: RHB Blake Beale
|
0-0: Ball 1-0: Foul Ball, location: 2F 1-1: Ball 2-1: Foul Ball, location: 2F 2-2: Ball 3-2: Strikes out looking
|
Batting: RHB Chris Bittner
|
0-0: Foul Ball, location: 2F 0-1: Called Strike 0-2: Ball 1-2: Ball 2-2: Foul Ball, location: 2F 2-2: Ball 3-2: Foul Ball, location: 2F 3-2: Base on Balls
|
Batting: RHB Josh Burrows
|
0-0: Called Strike 0-1: Foul Ball, location: 2F 0-2: Foul Ball, location: 2F 0-2: Foul Ball, location: 2F 0-2: Ball 1-2: Strikes out swinging
|
Batting: RHB Jeremy Adams
|
0-0: Called Strike 0-1: Foul Ball, location: 2F 0-2: Ball 1-2: Foul Ball, location: 2F 1-2: Ball 2-2: Fly out, F8 (Line Drive, 8RM, EV 106.2 MPH)
|
Bottom of the 8th over - 0 runs, 0 hits, 0 errors, 1 left on base; Harrisburg 5 - Mobile 1 |
TOP OF THE 9TH |
Harrisburg Senators batting - Pitching for Mobile BayBears : RHP Jason Hammons
|
Pitching: LHP Jon Davis
|
|
Batting: LHB John Holst
|
0-0: Called Strike 0-1: SINGLE (Line Drive, 8LS, EV 105.0 MPH)
|
Batting: RHB Ryan Hiemer
|
0-0: Foul Ball, location: 2F 0-1: Foul Ball, location: 2F 0-2: Ball 1-2: DOUBLE (Line Drive, 3D, EV 99.4 MPH) John Holst to third
|
Batting: RHB Antonio Laurel
|
0-0: Foul Ball, location: 2F 0-1: Foul Ball, location: 2F 0-2: Foul Ball, location: 2F 0-2: Strikes out looking
|
Batting: RHB Nate Dickinson
|
0-0: Called Strike 0-1: Ball Wild Pitch! John Holst scores Ryan Hiemer to third 1-1: DOUBLE (Line Drive, 9LM, EV 92.5 MPH) Ryan Hiemer scores
|
Batting: RHB Steve Perez
|
0-0: Ball 1-0: Called Strike 1-1: Swinging Strike 1-2: SINGLE (Line Drive, 4D, EV 98.8 MPH) Nate Dickinson to third Runner from 3rd tries for Home, SAFE, throw by CF to home
|
Batting: RHB Jon Buscher
|
0-0: Grounds into double play, 6-4-3 (Groundball, 6, EV 103.8 MPH)
|
Top of the 9th over - 3 runs, 4 hits, 0 errors, 0 left on base; Harrisburg 8 - Mobile 1 |
BOTTOM OF THE 9TH |
Mobile BayBears batting - Pitching for Harrisburg Senators : RHP Todd Carbaugh
|
Batting: RHB Franklin Villanueva
|
0-0: Called Strike 0-1: Ball 1-1: Swinging Strike 1-2: SINGLE (Groundball, 4MD, EV 96.2 MPH)
|
Batting: RHB Curt Barrett
|
0-0: Foul Ball, location: 2F 0-1: Foul Ball, location: 2F 0-2: Ball 1-2: Strikes out swinging
|
Pitching: RHP Tatsuhito Shiota
|
|
Batting: RHB Carlos Ballesteros
|
0-0: SINGLE (Groundball, 6M, EV 81.2 MPH) (infield hit) Franklin Villanueva to second
|
Batting: LHB Koson Hirai
|
0-0: DOUBLE (Flyball, 78D, EV 109.4 MPH) Franklin Villanueva scores Carlos Ballesteros to third
|
Batting: LHB Soo-yeon Kym
|
0-0: Foul Ball, location: 2F 0-1: Ball 1-1: Ball 2-1: Foul Ball, location: 2F 2-2: SINGLE (Line Drive, 8LS, EV 111.9 MPH) Carlos Ballesteros scores Koson Hirai to third
|
Batting: RHB Blake Beale
|
0-0: Called Strike 0-1: Ball 1-1: Ball 2-1: Foul Ball, location: 2F 2-2: Strikes out swinging
|
Batting: LHB T.J. Duvall
|
0-0: Ball 1-0: Ball 2-0: Ball 3-0: Called Strike 3-1: Base on Balls Soo-yeon Kym to second
|
Pitching: RHP Gareth Cutts
|
|
Batting: RHB Josh Burrows
|
0-0: Ball 1-0: Called Strike 1-1: Ball 2-1: SINGLE (Line Drive, 78M, EV 101.9 MPH) Koson Hirai scores Soo-yeon Kym to third T.J. Duvall to second
|
Batting: RHB Jeremy Adams
|
0-0: Ball 1-0: Swinging Strike 1-1: Ball 2-1: Swinging Strike 2-2: Fly out, F5 (Line Drive, 5, EV 71.2 MPH)
|
Bottom of the 9th over - 3 runs, 5 hits, 0 errors, 3 left on base; Harrisburg 8 - Mobile 4 |
|